[Event "Team 45 45 League T40"]
[Site "Internet Chess Club"]
[Date "2009.02.28"]
[Round "5"]
[White "C-Jones"]
[Black "Pillsbury57"]
[Result "1-0"]
[WhiteElo "1649"]
[BlackElo "1431"]
[Opening "Pirc: classical (two knights) system"]
[ECO "B08"]
[Time "12:00:26"]
[TimeControl "2700+45"]

1. e4 d6 2. d4 Nf6 3. Nc3 g6 4. Nf3 Bg7 5. Bb5+ c6 6. Be2 b5 7. a3 a5 8. Bg5 Bb7
9. Bd3 O-O 10. O-O Qc7 11. Qd2 e5 12. dxe5 dxe5 13. Bh6 b4 14. Bxg7 Kxg7 15. Ne2
c5 16. Ng3 c4 17. Be2 Nxe4 18. Nxe4 Bxe4 19. Qe3 Bxf3 20. Bxf3 Ra6 21. axb4 axb4
22. Rxa6 Nxa6 23. Ra1 Qd6 24. Rd1 Qe7 25. Ra1 Qf6 26. Bd5 Rd8 27. Bxc4 Nb8 28.
Re1 Nc6 29. h3 Nd4 30. Qxe5 Qxe5 31. Rxe5 Nxc2 32. Re7 Rd1+ 33. Kh2 Rb1 34.
Rxf7+ Kh6 35. b3 Nd4 36. Rb7 Rb2 37. Kg3 Nf5+ 38. Kf3 Nh4+ 39. Kg3 Nf5+ 40. Kf3
Nh4+ 41. Kg4 Nxg2 42. Kg3 Ne1 43. Bg8 Nc2 44. Kg4 g5 45. Rxh7+ Kg6 46. Rb7 Nd4
47. Kg3 Nf5+ 48. Kf3 Nh4+ 49. Kg3 Nf5+ 50. Kg2 Nh4+ 51. Kg3 Nf5+ 52. Kg4 Rxf2
53. Bh7+ Kf6 54. Rb6+ Ke5 55. Rb5+ Kd4 56. Bxf5 Rg2+ 57. Kf3 Rg1 58. Be6 Kc3 59.
Rc5+ Kb2 60. Kf2 Rd1 61. Rxg5 Rd2+ 62. Ke3 Rc2 63. Rb5 Rc3+ 64. Kd4 Rc1 65. Rxb4
Rd1+ 66. Kc5 Re1 67. Kd6 Re3 68. Rf4 Rd3+ 69. Ke7 Rc3 70. Rf2+ Ka3 71. Rh2 Rc7+
72. Kf6 Rh7 73. h4 Rh5 74. Kg6 Rh8 75. Bc4 Kb4 76. h5 Kc5 77. h6 Kb4 78. h7 Ka3
79. Kg7 Rd8 80. h8=Q Rd7+ 81. Kf6 Rd6+ 82. Ke5 Rd1 83. Qf8+ {Black resigns} 1-0

[Event "Team 45 45 League T40"]
[Site "Internet Chess Club"]
[Date "2009.03.01"]
[Round "5"]
[White "achessfool"]
[Black "BotanicalKnight"]
[Result "0-1"]
[WhiteElo "1435"]
[BlackElo "1584"]
[Opening "Caro-Kann: advance variation"]
[ECO "B12"]
[Time "09:30:11"]
[TimeControl "2700+45"]

1. e4 c6 2. d4 d5 3. e5 Bf5 4. h4 Qb6 5. g4 Bd7 6. c3 e6 7. Nd2 c5 8. Ngf3 Nc6
9. Nb1 c4 10. b4 a5 11. bxa5 Qxa5 12. a4 b5 13. Ba3 Qxa4 14. Qxa4 Rxa4 15. Bxf8
Kxf8 16. Rxa4 bxa4 17. Na3 Na5 18. Be2 Nh6 19. Nd2 Ke7 20. O-O Nb3 21. Rd1 Rb8
22. Ndb1 f6 23. g5 fxg5 24. hxg5 Nf5 25. Kg2 Kf7 26. Kh3 g6 27. Bg4 Ne7 28. f4
Nc6 29. Kg3 Nca5 30. Rh1 Kg7 31. Rh2 Nc1 32. Rc2 Nab3 33. Kf3 Nd3 34. Ke3 Rf8
35. Rg2 Nxf4 36. Rf2 Nd3 37. Rf6 Rxf6 38. exf6+ Kf7 39. Nd2 Nxd2 40. Kxd2 Nf2
41. Be2 Ne4+ 42. Ke3 Nxg5 43. Kf4 Kxf6 44. Nc2 Ne4 45. Ne3 Nxc3 46. Ng4+ Ke7 47.
Bf3 a3 48. Ne3 Ba4 49. Kg5 a2 50. Kh6 a1=Q 51. Nxd5+ exd5 52. Bxd5 Nxd5 53. Kg7
Qxd4+ 54. Kg8 h5 55. Kh7 h4 56. Kg8 h3 57. Kh7 h2 58. Kg8 g5 59. Kh7 h1=Q+ 60.
Kg6 Qf6# {White checkmated} 0-1

[Event "Team 45 45 League T40"]
[Site "Internet Chess Club"]
[Date "2009.02.28"]
[Round "5"]
[White "chesskix"]
[Black "BishopMike"]
[Result "1-0"]
[WhiteElo "1540"]
[BlackElo "1392"]
[Opening "Réti opening"]
[ECO "A09"]
[Time "17:05:07"]
[TimeControl "2700+45"]

1. Nf3 d5 2. c4 Nf6 3. cxd5 Nxd5 4. e4 Nb6 5. Nc3 g6 6. Be2 Bg7 7. O-O O-O 8.
Re1 Nc6 9. d3 Nd4 10. Nxd4 Bxd4 11. Bh6 Re8 12. Rc1 Qd6 13. Nb5 Bxf2+ 14. Kxf2
Qxh2 15. Rh1 Qe5 16. Nxc7 Qf6+ 17. Bf3 Qxb2+ 18. Rc2 Qd4+ 19. Be3 Qf6 20. Nxe8
Qe5 21. Nc7 Bd7 22. Nxa8 Ba4 23. Nxb6 Bxc2 24. Qxc2 axb6 25. Qc8+ {Black
resigns} 1-0

[Event "Team 45 45 League T40"]
[Site "Internet Chess Club"]
[Date "2009.03.02"]
[Round "5"]
[White "TheronUAL"]
[Black "PostMike"]
[Result "0-1"]
[WhiteElo "1402"]
[BlackElo "1571"]
[Opening "Sicilian: closed"]
[ECO "B23"]
[Time "14:30:14"]
[TimeControl "2700+45"]

1. e4 c5 2. Nc3 g6 3. Nf3 Bg7 4. d4 cxd4 5. Nxd4 d6 6. Bb5+ Bd7 7. Be3 a6 8.
Bxd7+ Nxd7 9. O-O Ngf6 10. Nb3 O-O 11. Re1 Ne5 12. Qe2 Rc8 13. Nd2 Rc6 14. Bf4
Nfd7 15. Rac1 Nb6 16. Nd5 Nec4 17. Nxb6 Nxb6 18. e5 d5 19. Nb3 e6 20. Nd4 Rc8
21. b3 Nd7 22. c4 dxc4 23. Rxc4 Rxc4 24. Qxc4 Nb6 25. Qd3 Nd5 26. Qd2 Nxf4 27.
Qxf4 Qa5 28. Nf3 Qxa2 29. b4 Rd8 30. Ng5 Rd7 31. Rc1 Qd5 32. h4 Bxe5 33. Rc8+
Kg7 34. Nxe6+ Qxe6 35. Qc1 Qd6 36. g3 Qd1+ 37. Qxd1 Rxd1+ 38. Kg2 Rd4 39. Rc5
Bd6 40. Rg5 Rxb4 41. h5 Be7 42. Rd5 Kf6 43. h6 Ke6 44. Rd3 a5 45. Re3+ Kd7 46.
Re5 b5 47. Re2 Rd4 48. f4 a4 49. Rf2 f5 50. g4 a3 51. gxf5 gxf5 52. Rf3 b4 53.
Rg3 a2 54. Rg7 a1=Q 55. Rxh7 Rxf4 56. Rxe7+ Kxe7 57. h7 Qg7+ 58. Kh3 Rg4 59.
h8=Q Qxh8# {White checkmated} 0-1

[Event "Team 45 45 League T40"]
[Site "Internet Chess Club"]
[Date "2009.02.28"]
[Round "5"]
[White "Budzo"]
[Black "nursey"]
[Result "1-0"]
[WhiteElo "1792"]
[BlackElo "1610"]
[Opening "Queen's Indian: 4.Nc3"]
[ECO "E12"]
[Time "16:00:19"]
[TimeControl "2700+45"]

1. Nf3 Nf6 2. d4 e6 3. c4 b6 4. Nc3 Bb7 5. e3 Bb4 6. Bd3 Bxc3+ 7. bxc3 O-O 8.
O-O Ne4 9. Qc2 f5 10. Nd2 Nxd2 11. Bxd2 Qg5 12. e4 Qg6 13. f3 a5 14. exf5 exf5
15. Rae1 Nc6 16. d5 Nd8 17. Re5 Qd6 18. Rxf5 Qc5+ 19. Kh1 Nf7 20. Rh5 h6 21. Rh4
Rae8 22. Re1 Rxe1+ 23. Bxe1 Ne5 24. Bf2 Qd6 25. Bg3 c6 26. Re4 Re8 27. f4 Nxd3
28. Rxe8+ Kf7 29. Re3 Nc5 30. f5 Qf6 31. Qe2 Qxf5 32. Rf3 Qxf3 33. Qxf3+ Ke7 34.
d6+ Ke6 35. Qg4+ Kf6 36. Qf4+ Kg6 37. Bf2 h5 38. Bxc5 bxc5 39. Qe4+ Kh6 40. Qe7
Bc8 41. Qd8 Ba6 42. Qxd7 {Black resigns} 1-0

[Event "Team 45 45 League T40"]
[Site "Internet Chess Club"]
[Date "2009.03.01"]
[Round "5"]
[White "vaknight"]
[Black "quaksterjohny"]
[Result "0-1"]
[WhiteElo "1664"]
[BlackElo "1561"]
[Opening "Bird's opening"]
[ECO "A03"]
[Time "18:30:10"]
[TimeControl "2700+45"]

1. f4 d5 2. Nf3 Nc6 3. e3 Bg4 4. Be2 Nf6 5. O-O e6 6. c3 Qd7 7. h3 Bf5 8. Bb5 a6
9. Ne5 Qd6 10. Qa4 Nd7 11. Nxc6 bxc6 12. Bxc6 Ra7 13. d4 Kd8 14. Nd2 Nb6 15. Qd1
Qxc6 16. Nf3 f6 17. Bd2 Nc4 18. Qc1 Rb7 19. b4 Be7 20. a4 a5 21. b5 Qb6 22. Ne1
c6 23. bxc6 Qxc6 24. Nc2 Bxc2 25. Qxc2 Rb2 {White resigns} 0-1

[Event "Team 45 45 League T40"]
[Site "Internet Chess Club"]
[Date "2009.03.01"]
[Round "5"]
[White "Zappy"]
[Black "rayonline53"]
[Result "0-1"]
[WhiteElo "1576"]
[BlackElo "1455"]
[Opening "QP counter-gambit (elephant gambit)"]
[ECO "C40"]
[Time "17:03:35"]
[TimeControl "2700+45"]

1. e4 e5 2. Nf3 d5 3. exd5 e4 4. Qe2 f5 5. d3 Nf6 6. dxe4 fxe4 7. Nc3 Bb4 8. Bd2
O-O 9. Ng5 Bg4 10. Qe3 Bxc3 11. Qxc3 Nxd5 12. Qb3 Kh8 13. h3 Bc8 14. O-O-O c6
15. Bb4 Qxg5+ 16. Kb1 Rxf2 17. Bc4 Be6 18. Bc5 Rf7 19. Rhf1 Rxf1 20. Rxf1 Nd7
21. Qxb7 Rb8 22. Qxa7 Qe5 23. Bd4 Qc7 24. Qxc7 Nxc7 25. Bxe6 Nxe6 26. Bc3 Kg8
27. Rd1 Ndc5 28. Rd6 Rd8 29. Rxd8+ Nxd8 30. b4 Na6 31. a4 Ne6 32. b5 cxb5 33.
axb5 Nac5 34. Ka2 Nf4 35. Bd4 Nb7 36. c4 Ne6 37. Be3 Kf7 38. Ka3 Nec5 39. Kb4
Ke6 40. b6 Kd6 41. Kb5 g6 42. g3 h5 43. h4 Nd3 44. Ka6 Kc6 45. Ka7 Ne5 46. c5
Ng4 47. Bf2 Nxf2 {White resigns} 0-1

[Event "Team 45 45 League T40"]
[Site "Internet Chess Club"]
[Date "2009.03.01"]
[Round "5"]
[White "SeniorCitizen"]
[Black "imawesome"]
[Result "0-1"]
[WhiteElo "1346"]
[BlackElo "1537"]
[Opening "Sicilian: accelerated fianchetto, modern variation"]
[ECO "B34"]
[Time "13:24:34"]
[TimeControl "2700+45"]

1. e4 c5 2. Nf3 g6 3. d4 cxd4 4. Nxd4 Nc6 5. Nc3 Bg7 6. Nb3 Nf6 7. Bd3 O-O 8.
O-O d6 9. Be3 Ng4 10. Qc1 Nxe3 11. Qxe3 Bd7 12. Rab1 Ne5 13. Nd2 b6 14. Nf3
Nxf3+ 15. Qxf3 Rc8 16. Ne2 Bc6 17. Ng3 d5 18. Qd1 Be5 19. f4 Bg7 20. Qf3 dxe4
21. Bxe4 Qd4+ 22. Kh1 Bxe4 23. Nxe4 Rxc2 24. Rf2 Rfc8 25. g3 Rxf2 26. Nxf2 Rc2
27. Nd3 Qc4 28. b3 Qc3 29. a4 Qd2 {White resigns} 0-1

[Event "Team 45 45 League T40"]
[Site "Internet Chess Club"]
[Date "2009.02.26"]
[Round "5"]
[White "celebrat"]
[Black "BigW"]
[Result "0-1"]
[WhiteElo "1508"]
[BlackElo "1631"]
[Opening "Nimzo-Indian: Sämisch variation"]
[ECO "E24"]
[Time "22:01:27"]
[TimeControl "2700+45"]

1. d4 Nf6 2. c4 e6 3. Nc3 Bb4 4. a3 Bxc3+ 5. bxc3 b6 6. Bg5 h6 7. Bh4 Bb7 8. e3
c5 9. Nf3 d6 10. Bd3 Nbd7 11. O-O O-O 12. Nd2 Re8 13. f3 Qc8 14. Qc2 d5 15. e4
cxd4 16. cxd4 dxe4 17. fxe4 e5 18. d5 Qc5+ 19. Bf2 Qd6 20. h3 Rac8 21. Qb2 Nc5
22. Bc2 Nfd7 23. Rac1 Nf8 24. Bg3 Ng6 25. Nf3 Ba6 26. Bd1 Nxe4 27. Be1 Bxc4 28.
Bb4 Qxd5 29. Re1 Nf4 30. Rxc4 Rxc4 31. Bb3 Nd3 32. Bxc4 Qxc4 33. Qe2 Ng3 34.
Nxe5 Nxe2+ {White resigns} 0-1

[Event "Team 45 45 League T40"]
[Site "Internet Chess Club"]
[Date "2009.03.01"]
[Round "5"]
[White "toukon"]
[Black "forsyth"]
[Result "1-0"]
[WhiteElo "1439"]
[BlackElo "1521"]
[Opening "Sicilian: accelerated fianchetto, Maróczy bind, 6.Be3"]
[ECO "B38"]
[Time "19:00:09"]
[TimeControl "2700+45"]

1. e4 c5 2. Nf3 Nc6 3. d4 cxd4 4. Nxd4 g6 5. c4 Bg7 6. Be3 Nf6 7. Nc3 O-O 8. Be2
d6 9. O-O Nd7 10. f3 Qb6 11. Nd5 Qxb2 12. Nxc6 bxc6 13. Nxe7+ Kh8 14. Rb1 Qa3
15. Bd4 c5 16. Bxg7+ Kxg7 17. Ra1 Qe3+ 18. Kh1 Nf6 19. Re1 Qg5 20. Qxd6 Nh5 21.
Nd5 Be6 22. f4 Qh4 23. Qe5+ Kg8 24. Bxh5 Bxd5 25. exd5 gxh5 26. g3 Qh3 27. Qg5+
Kh8 28. Re5 f6 29. Qxh5 Qxh5 30. Rxh5 f5 31. Re1 Rae8 32. Rxe8 Rxe8 33. Rxf5 Re2
34. d6 Rd2 35. Rd5 {Black resigns} 1-0

[Event "Team 45 45 League T40"]
[Site "Internet Chess Club"]
[Date "2009.03.01"]
[Round "5"]
[White "john-beebs"]
[Black "Makaen"]
[Result "0-1"]
[WhiteElo "1402"]
[BlackElo "1509"]
[Opening "Caro-Kann: exchange variation"]
[ECO "B13"]
[Time "12:00:32"]
[TimeControl "2700+45"]

1. e4 c6 2. d4 d5 3. exd5 cxd5 4. Nf3 Bg4 5. h3 Bxf3 6. Qxf3 e6 7. Bb5+ Nd7 8.
O-O a6 9. Ba4 b5 10. Bb3 Bd6 11. Re1 Ngf6 12. Bg5 O-O 13. c3 h6 14. Bh4 Qc7 15.
Bg3 Bxg3 16. fxg3 Ne4 17. Re3 Ndf6 18. Bc2 Rac8 19. Qf4 Qb6 20. a4 b4 21. a5 Qb7
22. Bd3 bxc3 23. bxc3 Qb2 24. Ra3 Nh5 25. Qg4 Qf2+ {White resigns} 0-1

[Event "Team 45 45 League T40"]
[Site "Internet Chess Club"]
[Date "2009.03.01"]
[Round "5"]
[White "RingLord"]
[Black "vescovifan"]
[Result "1-0"]
[WhiteElo "1614"]
[BlackElo "1597"]
[Opening "Vienna game"]
[ECO "C26"]
[Time "13:10:26"]
[TimeControl "2700+45"]

1. e4 e5 2. Nc3 Nf6 3. Bc4 Bc5 4. d3 Nc6 5. Be3 Be7 6. f4 exf4 7. Bxf4 d6 8. Nf3
Bg4 9. h3 Bxf3 10. Qxf3 Ne5 11. Bxe5 dxe5 12. O-O-O c6 13. Rhf1 b5 14. Bb3 a5
15. d4 Qc7 16. Qg3 a4 17. Qxg7 Rf8 18. dxe5 Qxe5 19. Rf5 Qc7 20. Rxf6 axb3 21.
cxb3 Bxf6 22. Qxf6 Rd8 23. Rxd8+ Qxd8 24. Qxc6+ Qd7 25. Qa8+ Ke7 26. Nd5+ {Black
resigns} 1-0

[Event "Team 45 45 League T40"]
[Site "Internet Chess Club"]
[Date "2009.03.01"]
[Round "5"]
[White "Spady"]
[Black "BlunderJack"]
[Result "0-1"]
[WhiteElo "1650"]
[BlackElo "1625"]
[Opening "Ruy Lopez: closed, Flohr-Zaitsev system (Lenzerheide variation)"]
[ECO "C92"]
[Time "17:00:25"]
[TimeControl "2700+45"]

1. e4 e5 2. Nf3 Nc6 3. Bb5 a6 4. Ba4 Nf6 5. O-O Be7 6. Re1 b5 7. Bb3 O-O 8. c3
d6 9. h3 Bb7 10. d3 Re8 11. Nbd2 Bf8 12. Nf1 Na5 13. Bc2 d5 14. exd5 Qxd5 15.
Bg5 Nd7 16. Ng3 Be7 17. Ne4 Bxg5 18. Nfxg5 f5 19. b4 fxe4 20. bxa5 Qc6 21. Qh5
Nf6 22. Qf7+ Kh8 23. Bb3 Rf8 24. Qe6 Qxe6 25. Bxe6 h6 26. Nxe4 Nxe4 27. dxe4
Rad8 28. f3 Rd6 29. Bb3 g5 30. Red1 Rfd8 31. Rxd6 Rxd6 32. Rd1 Rxd1+ 33. Bxd1 c5
34. Kf2 Kg7 35. Ke3 Kf6 36. a4 c4 37. g3 Bc8 38. h4 Bd7 39. hxg5+ hxg5 40. f4
bxa4 41. Bc2 a3 42. Bb1 Ba4 43. f5 Bc2 44. Ba2 Bb3 45. Bb1 a2 46. Bxa2 Bxa2 47.
Kd2 Bb3 48. Kc1 Ba4 49. Kd2 Bc6 50. Ke3 g4 {White resigns} 0-1

[Event "Team 45 45 League T40"]
[Site "Internet Chess Club"]
[Date "2009.03.03"]
[Round "5"]
[White "dougmo"]
[Black "AngryPirate"]
[Result "1-0"]
[WhiteElo "1539"]
[BlackElo "1474"]
[Opening "French: Winawer (Nimzovich) variation"]
[ECO "C15"]
[Time "17:04:41"]
[TimeControl "2700+45"]

1. e4 e6 2. d4 d5 3. Nc3 Bb4 4. exd5 exd5 5. Bd3 Ne7 6. Nf3 Bf5 7. a3 Bd6 8. O-O
Bxd3 9. Qxd3 c6 10. Re1 O-O 11. Ng5 Ng6 12. Qh3 h6 13. Nf3 Nf4 14. Bxf4 Bxf4 15.
g3 Bd6 16. Re3 Nd7 17. Rae1 Nf6 18. Ne5 Qb6 19. Ne2 Qxb2 20. Rb3 Qxc2 21. Rxb7
Bxe5 22. dxe5 Ne4 23. e6 Ng5 24. Qg4 Nxe6 25. Reb1 Qg6 26. Qb4 Qe4 27. Qb2 Ng5
28. Kf1 Qh1+ 29. Ng1 Rfe8 30. f4 Nf3 31. Qg2 Nxh2+ 32. Kf2 Qxg2+ 33. Kxg2 Ng4
34. Rc7 Rec8 35. Re7 Kf8 36. Rbb7 Ne3+ 37. Kf3 d4 38. Rxf7+ Kg8 39. Rxg7+ Kf8
40. Rh7 Rab8 41. Rh8# {Black checkmated} 1-0

[Event "Team 45 45 League T40"]
[Site "Internet Chess Club"]
[Date "2009.03.01"]
[Round "5"]
[White "FractalDante"]
[Black "werty"]
[Result "1/2-1/2"]
[WhiteElo "1472"]
[BlackElo "1517"]
[Opening "French: advance, Euwe variation"]
[ECO "C02"]
[Time "10:00:14"]
[TimeControl "2700+45"]

1. e4 e6 2. d4 d5 3. e5 c5 4. c3 Nc6 5. Nf3 Bd7 6. a3 a6 7. b4 cxb4 8. axb4 Rc8
9. Be2 a5 10. b5 Na7 11. Qa4 b6 12. O-O Nh6 13. Bxh6 gxh6 14. c4 dxc4 15. Bxc4
Rxc4 16. Qxc4 Bxb5 17. Qc1 Bxf1 18. Kxf1 Qc8 19. Nbd2 Qxc1+ 20. Rxc1 Kd7 21. Nc4
Nc8 22. Ra1 Bb4 {Game drawn by mutual agreement} 1/2-1/2

[Event "Team 45 45 League T40"]
[Site "Internet Chess Club"]
[Date "2009.03.03"]
[Round "5"]
[White "Grenadier"]
[Black "Ghashgork"]
[Result "0-1"]
[WhiteElo "1662"]
[BlackElo "1746"]
[Opening "Ruy Lopez: closed"]
[ECO "C90"]
[Time "07:33:26"]
[TimeControl "2700+45"]

1. e4 e5 2. Nf3 Nc6 3. Bb5 a6 4. Ba4 Nf6 5. O-O Be7 6. Re1 b5 7. Bb3 d6 8. d3
O-O 9. Bg5 Bg4 10. c3 h6 11. Be3 Na5 12. Nbd2 c5 13. d4 exd4 14. cxd4 Nxb3 15.
Qxb3 Bxf3 16. Nxf3 Nxe4 17. Bxh6 d5 18. Bf4 c4 19. Qc2 Re8 20. Re3 Bf6 21. Rae1
Qb6 22. Qd1 b4 23. Ne5 Re6 24. Qh5 Bxe5 25. Bxe5 Rh6 26. Qf5 Qe6 27. Qf4 f6 28.
Bc7 g5 29. Qf3 Qd7 30. Bb6 f5 31. g3 Rxb6 32. Qe2 g4 33. f3 gxf3 34. Qxf3 Qh7
35. g4 fxg4 36. Qg2 Rf8 37. Rg3 Nxg3 38. Qxd5+ Qf7 39. Qg5+ Rg6 40. Qh4 Qf2#
{White checkmated} 0-1

[Event "Team 45 45 League T40"]
[Site "Internet Chess Club"]
[Date "2009.02.26"]
[Round "5"]
[White "civilization"]
[Black "scar99"]
[Result "1-0"]
[WhiteElo "1627"]
[BlackElo "1600"]
[Opening "Scandinavian defense"]
[ECO "B01"]
[Time "13:03:02"]
[TimeControl "2700+45"]

1. e4 d5 2. exd5 Nf6 3. d4 Bg4 4. Nf3 Qxd5 5. Be2 Nc6 6. h3 Qh5 7. c4 O-O-O 8.
d5 e6 9. Nc3 Bb4 10. Bd2 exd5 11. O-O Bxh3 12. gxh3 Qxh3 13. cxd5 Nxd5 14. Nd4
Nxd4 15. Bg4+ Qxg4+ 16. Qxg4+ Kb8 17. Qxd4 Nxc3 18. Qxb4 Ne2+ 19. Kg2 Rd4 20.
Qa5 Rhd8 21. Be3 R8d5 22. Qa3 {Black resigns} 1-0

[Event "Team 45 45 League T40"]
[Site "Internet Chess Club"]
[Date "2009.02.28"]
[Round "5"]
[White "GoIrish"]
[Black "knight2f3"]
[Result "0-1"]
[WhiteElo "1593"]
[BlackElo "1544"]
[Opening "Réti opening"]
[ECO "A05"]
[Time "06:35:49"]
[TimeControl "2700+45"]

1. Nf3 Nf6 2. g3 Nc6 3. Bg2 e5 4. d3 Bc5 5. Bg5 O-O 6. O-O d6 7. h3 Qe7 8. e4
Nd8 9. Nc3 a6 10. Nd5 Qd7 11. Bxf6 c6 12. Bxd8 Qxd8 13. Ne3 Be6 14. Qd2 f5 15.
exf5 Bxf5 16. Nxf5 Rxf5 17. Rae1 h5 18. Qc3 Qb6 19. Qb3+ Qxb3 20. axb3 g5 21.
Re4 Raf8 22. d4 exd4 23. Nxd4 R5f6 24. c3 d5 25. Re6 Bxd4 26. Rxf6 Bxf6 27. Re1
Kf7 28. Kf1 Re8 29. Bf3 Rxe1+ 30. Kxe1 Kg6 31. g4 h4 32. Ke2 a5 33. Kd3 Be5 34.
Bd1 Kf6 35. Bf3 Ke6 36. Ke3 b6 37. Be2 c5 38. Bb5 Bf4+ 39. Kd3 Ke5 40. f3 Bc1
41. Kc2 Be3 42. Bf1 Kf4 43. Be2 Kg3 44. Kd3 Bc1 45. c4 d4 46. Ke4 Kxh3 47. f4
Bxf4 48. Kd5 Bd2 49. Kc6 Kg3 50. Kxb6 Bb4 51. Kc6 h3 52. Bd3 Kxg4 {White
resigns} 0-1

[Event "Team 45 45 League T40"]
[Site "Internet Chess Club"]
[Date "2009.03.03"]
[Round "5"]
[White "badmove"]
[Black "blitzisbest"]
[Result "0-1"]
[WhiteElo "1572"]
[BlackElo "1505"]
[Opening "Ruy Lopez: exchange variation, 5.O-O"]
[ECO "C68"]
[Time "16:08:37"]
[TimeControl "2700+45"]

1. e4 e5 2. Nf3 Nc6 3. Bb5 a6 4. Bxc6 dxc6 5. O-O Bg4 6. h3 Bh5 7. g4 Bg6 8.
Nxe5 Nf6 9. d3 Bc5 10. Nxg6 hxg6 11. Qf3 Qd6 12. Kg2 O-O-O 13. Nc3 Rh4 14. Bf4
Qd7 15. Bg5 Rh7 16. Bxf6 gxf6 17. Qxf6 Rdh8 18. Rh1 Bd4 19. Qf3 b5 20. Rab1 f6
21. Ne2 Be5 22. Nf4 Qf7 23. c3 g5 24. Ne2 Qxa2 25. Ra1 Qxb2 26. Rxa6 Kb7 27.
Rha1 Bxc3 28. Nxc3 Qxc3 29. Ra7+ Kc8 30. Ra8+ Kd7 31. Rxh8 Rxh8 32. Ra6 b4 33.
Qf5+ Ke7 34. Ra5 Qxd3 35. Re5+ fxe5 36. Qxe5+ Kd7 37. Qxh8 Qxe4+ 38. Kf1 c5 39.
Qg7+ Qe7 40. Qg6 c4 41. Qf5+ Kc6 42. Qf3+ Kb5 43. Qb7+ Ka4 44. Qa8+ Kb3 45. Qf3+
c3 46. Qd1+ c2 47. Qd3+ Kb2 48. Qd4+ Kb1 49. Qd3 Qe6 {White resigns} 0-1

[Event "Team 45 45 League T40"]
[Site "Internet Chess Club"]
[Date "2009.02.27"]
[Round "5"]
[White "bobhill"]
[Black "Superjem"]
[Result "0-1"]
[WhiteElo "2048"]
[BlackElo "2112"]
[Opening "Modern defense"]
[ECO "A40"]
[Time "22:09:00"]
[TimeControl "2700+45"]

1. d4 g6 2. Nf3 Bg7 3. Bg5 d6 4. e3 c5 5. c3 Bg4 6. Nbd2 cxd4 7. exd4 Qa5 8. Qb3
Nd7 9. Nc4 Qd5 10. Be2 Bxf3 11. Bxf3 Qxg5 12. Qxb7 Rb8 13. Qxa7 Ngf6 14. Bc6 O-O
15. Bxd7 Qxg2 16. Rf1 Rb7 17. Qa6 Nxd7 18. O-O-O Qe4 19. Nd2 Qd5 20. Rfe1 Nb8
21. Qa4 Rc8 22. Nb3 Qf5 23. Re2 Bh6+ 24. Nd2 Rxc3+ {White resigns} 0-1

[Event "Team 45 45 League T40"]
[Site "Internet Chess Club"]
[Date "2009.02.26"]
[Round "5"]
[White "player12321"]
[Black "Beddathanme"]
[Result "1/2-1/2"]
[WhiteElo "1923"]
[BlackElo "1874"]
[Opening "Nimzo-Indian: three knights variation"]
[ECO "E21"]
[Time "22:00:50"]
[TimeControl "2700+45"]

1. d4 Nf6 2. Nf3 e6 3. c4 Bb4+ 4. Nc3 b6 5. Bd2 c5 6. Nb5 Bxd2+ 7. Qxd2 Ne4 8.
Qf4 Bb7 9. Nc7+ Ke7 10. d5 Qxc7 11. Qxc7 Nd6 12. dxe6 Rc8 13. Qxc8 Bxc8 14. exd7
Nxd7 15. e3 Bb7 16. O-O-O Ne4 17. Rg1 Nxf2 18. Re1 Rd8 19. Be2 Nf6 20. Nd2 N6g4
21. Bxg4 Nxg4 22. Kc2 f6 23. b3 a6 24. e4 Rd4 25. Kc3 Ke6 26. b4 Ne5 27. bxc5
bxc5 28. Rgf1 Rd3+ 29. Kc2 Rd4 30. h3 Bc6 31. Nb3 Rxc4+ 32. Kb1 Kd6 {Game drawn
by mutual agreement} 1/2-1/2

[Event "Team 45 45 League T40"]
[Site "Internet Chess Club"]
[Date "2009.03.01"]
[Round "5"]
[White "Beetlejuice"]
[Black "touchthis"]
[Result "1/2-1/2"]
[WhiteElo "1846"]
[BlackElo "1806"]
[Opening "Budapest: Adler variation"]
[ECO "A52"]
[Time "11:31:05"]
[TimeControl "2700+45"]

1. d4 Nf6 2. c4 e5 3. dxe5 Ng4 4. Nf3 Bc5 5. e3 Nc6 6. Be2 Ngxe5 7. O-O Nxf3+ 8.
Bxf3 Ne5 9. Be2 O-O 10. b3 Re8 11. Bb2 a5 12. Nc3 Ra6 13. Nd5 Rh6 14. Bd4 Qh4
15. h3 d6 16. Nf4 Bxd4 17. Qxd4 Qg5 18. Kh2 Ng4+ 19. Kg1 Ne5 20. Kh2 Ng4+ {Game
drawn by mutual agreement} 1/2-1/2

[Event "Team 45 45 League T40"]
[Site "Internet Chess Club"]
[Date "2009.02.27"]
[Round "5"]
[White "BigH"]
[Black "Alphalegacy"]
[Result "1-0"]
[WhiteElo "1728"]
[BlackElo "1941"]
[Opening "Benoni defense, Hromodka system"]
[ECO "A56"]
[Time "14:51:29"]
[TimeControl "2700+45"]

1. d4 Nf6 2. c4 c5 3. d5 d6 4. Nc3 g6 5. e4 Bg7 6. f4 Bg4 7. Be2 Bxe2 8. Qxe2
Nfd7 9. Nf3 O-O 10. O-O Na6 11. e5 Nc7 12. a4 b6 13. Nb5 a6 14. exd6 exd6 15.
Nxd6 Nf6 16. Ne4 Nxe4 17. Qxe4 Re8 18. Qc2 Qd6 19. Bd2 b5 20. axb5 axb5 21. Rxa8
Rxa8 22. b3 Re8 23. g3 Re2 24. Qd3 Re8 25. Bc3 Bxc3 26. Qxc3 b4 27. Qd2 f6 28.
Re1 Kf7 29. Rxe8 Nxe8 30. Ne1 Qe7 31. Nd3 Nd6 32. Nxc5 Nxc4 33. Qf2 Ne3 34. d6
Qxd6 {Black resigns} 1-0

[Event "Team 45 45 League T40"]
[Site "Internet Chess Club"]
[Date "2009.02.27"]
[Round "5"]
[White "Ser-Enigma"]
[Black "Majamutu"]
[Result "1-0"]
[WhiteElo "2145"]
[BlackElo "2023"]
[Opening "King's Indian: fianchetto without c4"]
[ECO "A49"]
[Time "14:08:09"]
[TimeControl "2700+45"]

1. d4 Nf6 2. Nf3 g6 3. g3 Bg7 4. Bg2 O-O 5. O-O d6 6. a4 c5 7. dxc5 dxc5 8. Nc3
Nc6 9. Be3 Qa5 10. Qc1 Rd8 11. h3 Be6 12. Ng5 Bc4 13. Re1 Nd5 14. Nxd5 Bxd5 15.
c3 Bxg2 16. Kxg2 Rac8 17. Ne4 b6 18. Bh6 Bh8 19. Qf4 c4 20. Qh4 Qe5 21. f3 f5
22. Bf4 Bf6 23. Nxf6+ Qxf6 24. Qxf6 exf6 25. Red1 Kf7 26. Kf2 Ke6 27. h4 h5 28.
Re1 Kf7 29. e4 fxe4 30. Rxe4 Na5 31. Rae1 Rd7 32. g4 Nb3 33. Kg3 Na5 34. g5 f5
35. Re6 Rc6 36. Re8 Nb3 37. Rh8 Nc5 38. Ree8 Nd3 39. Be3 Re6 40. Rhf8+ Kg7 41.
Bd4+ Rxd4 42. cxd4 Rxe8 43. Rxe8 Kf7 44. Ra8 Nxb2 45. Rxa7+ Ke6 46. Ra6 Kd5 47.
Rxb6 Nxa4 48. Rxg6 c3 49. Rg8 Kxd4 50. Rd8+ Kc4 51. g6 f4+ 52. Kg2 c2 53. g7
c1=Q 54. g8=Q+ Kb4 55. Rb8+ Ka5 56. Qd8+ Ka6 57. Ra8+ Kb5 58. Qa5+ {Black
resigns} 1-0

[Event "Team 45 45 League T40"]
[Site "Internet Chess Club"]
[Date "2009.03.01"]
[Round "5"]
[White "cesaralexander"]
[Black "DeLaSalle"]
[Result "0-1"]
[WhiteElo "1885"]
[BlackElo "1931"]
[Opening "Queen's pawn: Keres defense"]
[ECO "A40"]
[Time "13:47:28"]
[TimeControl "2700+45"]

1. d4 e6 2. c4 b6 3. Nc3 Bb7 4. e4 Bb4 5. Qc2 Qh4 6. d5 f5 7. Bd3 fxe4 8. Bxe4
Nf6 9. Bf3 Qxc4 10. dxe6 Qxe6+ 11. Qe2 Qxe2+ 12. Kxe2 Bxf3+ 13. Nxf3 Bxc3 14.
bxc3 Nc6 15. Re1 O-O-O 16. Kf1 Rde8 17. Be3 Nd5 18. Bd4 Nxd4 19. cxd4 d6 20.
Rec1 Kd7 21. a4 a5 22. Rc4 Rhf8 23. Rac1 Re7 24. h3 c5 25. dxc5 bxc5 26. Rd1 Kc6
27. Nd4+ Kb6 28. Nb5 Ne3+ {White resigns} 0-1